 Dungeon Crawl Stone Soup version 0.24-a0-201-gf205589 (webtiles) character file.

Game seed: 423381283071202538

78 Ijustatesigmund the Magician (level 4, 0/29 HPs)
             Began as an Octopode Wizard on Mar 19, 2019.
             Killed by nerve-wracking pain
             ... invoked by Grinder
              (1 damage)
             ... while paralysed by Grinder
             ... on level 3 of the Dungeon.
             The game lasted 00:03:53 (3062 turns).

Ijustatesigmund the Magician (Octopode Wizard)      Turns: 3062, Time: 00:03:53

Health: 0/29       AC:  1    Str:  3 (6)  XL:     4   Next: 36%
Magic:  1/8        EV:  2    Int: 19 (20) God:
Gold:   114        SH:  0    Dex:  8 (11) Spells: 6/9 levels left

rFire    . . .     SeeInvis .   b - -3 dagger (curse)
rCold    . . .     Gourm    +   (no shield)
rNeg     . . .     Faith    .   a - +0 hat
rPois    .         Spirit   .   e - amulet of the gourmand
rElec    .         Reflect  .   (no ring)
rCorr    .         Harm     .   (no ring)
MR       .....                  (no ring)
Stlth    +++.......             (no ring)
HPRegen  0.09/turn              (no ring)
MPRegen  0.11/turn              (no ring)
                                (no ring)
                                (no ring)

@: paralysed, lethally poisoned (0 -> -9)
A: almost no armour, stealthy swim, amphibious, 8 rings, constrict 8, camouflage
1, gelatinous body 1
a: no special abilities


You were on level 3 of the Dungeon.
You were hungry.

You visited 1 branch of the dungeon, and saw 3 of its levels.

You collected 114 gold pieces.

Inventory:

Hand Weapons
 b - a cursed -3 dagger (weapon)
 d - a +0 whip
Armour
 a - a +0 hat (worn)
Jewellery
 e - an amulet of the gourmand (around mantle)
 g - an uncursed ring of fire
Scrolls
 i - a scroll of fear
Potions
 f - a potion of curing
 h - a potion of magic
Comestibles
 c - 4 rations


   Skills:
 + Level 2.2 Fighting
 - Level 2.0 Dodging
 - Level 2.6 Stealth
 - Level 3.0 Spellcasting
 + Level 2.5 Conjurations
   Level 1.0 Summonings
 + Level 1.9 Translocations


You had 6 spell levels left.
You knew the following spells:

 Your Spells              Type           Power        Failure   Level  Hunger
a - Magic Dart            Conj           ##..         5%          1    None
b - Blink                 Tloc           N/A          11%         2    ##.....

Your spell library contained the following spells:

 Spells                   Type           Power        Failure   Level  Hunger
 Call Imp                 Summ           #.......     16%         2    ##.....
 Slow                     Hex            #.......     22%         2    ##.....
 Conjure Flame            Conj/Fire      #.......     26%         3    ###....
 Mephitic Cloud           Conj/Pois/Air  #.......     32%         3    ###....


Dungeon Overview and Level Annotations

Branches:
Dungeon (3/15)

Altars:
Fedhas
Ru
Sif Muna
Vehumet

Annotations:
D:3 Grinder


Innate Abilities, Weirdness & Mutations

You cannot wear most types of armour.
You are very stealthy in the water. (Stealth+)
You are amphibious.
You can wear up to eight rings at the same time.
You can use your tentacles to constrict eight enemies at once.
Your skin changes colour to match your surroundings (Stealth+).
Your rubbery body absorbs attacks. (AC +1, EV +1)


Message History

There was something very wrong with that liquid.
You feel weakened.
You feel dopey.
You feel clumsy. The adder closely misses you. Grinder gestures at you.
You suddenly lose the ability to move!
The adder bites you.
* * * LOW HITPOINT WARNING * * *
You are lethally poisoned!
The adder poisons you!
Grinder says, "Just stop there for a second..."
Grinder gestures at you. You resist with significant effort.
The adder bites you.
* * * LOW HITPOINT WARNING * * *
You are more poisoned.
The adder poisons you!
* * * LOW HITPOINT WARNING * * *
You feel sick. Grinder gestures at you. Pain shoots through your body!
You die...

...#..# ...#..# ###.#
......#######...#### .
...#...............## ..
..##.##.............#...
.....#..................
.....#...............#..
...#.#.................#
....<...........@S...#
...........).....5..)#
.....................#
...##................$..
....##.......#..........
.#..###.##############%.
##..###.## # ##....#..#
##....#.#


You could see Grinder and an adder.

Vanquished Creatures
  A hound (D:2)
  An adder (D:3)
  A worm (D:2)
  3 dart slugs (D:1)
  4 giant cockroaches
  3 goblins
  A hobgoblin (D:1)
  A jackal (D:3)
  A quokka (D:3)
  5 bats
  4 frilled lizards
  4 kobolds
  4 rats (D:2)
33 creatures vanquished.

Notes
Turn   | Place    | Note
-------+----------+-------------------------------------------
     0 | D:1      | Ijustatesigmund the Octopode Wizard began the quest for the
                  | Orb.
     0 | D:1      | Reached XP level 1. HP: 11/11 MP: 4/4
   711 | D:1      | Reached skill level 1 in Fighting
   711 | D:1      | Reached XP level 2. HP: 18/18 MP: 0/6
  1038 | D:1      | Learned a level 2 spell: Blink
  1454 | D:2      | Found a radiant altar of Vehumet.
  1454 | D:2      | Found a sacrificial altar of Ru.
  1455 | D:2      | Found a blossoming altar of Fedhas.
  1592 | D:2      | Found a deep blue altar of Sif Muna.
  1629 | D:2      | Reached XP level 3. HP: 23/23 MP: 4/7
  2274 | D:2      | Reached XP level 4. HP: 18/29 MP: 6/8
  3051 | D:3      | Noticed Grinder
  3060 | D:3      | Paralysed by Grinder for 3 turns
  3062 | D:3      | HP: 1/29 [poisoned by an adder]
  3062 | D:3      | Killed from afar by Grinder

Levels and vault maps discovered:
D:1:      lightli_arrival_maybe_door_vault, layout_basic
D:2:      lemuel_upstairs_altar, layout_loops_corners,
          nicolae_overflow_quartered_altars
D:3:      layout_rooms, first_ration, st_stairs_5, uniq_grinder

Skill      XL: |  1  2  3 |
---------------+----------+-----
Fighting       | 1 2 |  2.2
Conjurations   | 2 |  2.5
Dodging        | |  2.0
Stealth        | |  2.6
Spellcasting   | |  3.0
Summonings     | |  1.0
Translocations | |  1.9

Action                   |  1- 3 |  4- 6 || total
-------------------------+-------+-------++-------
Melee: Constrict         |     5 |     1 ||     6
       Whip              |    11 |       ||    11
       Unarmed           |     1 |       ||     1
       Tentacles         |     1 |       ||     1
       Dagger            |     5 |     6 ||    11
 Cast: Magic Dart        |    54 |    35 ||    89
       Blink             |     1 |       ||     1
  Use: Scroll            |     2 |     1 ||     3
       Potion            |     2 |     1 ||     3
  Eat: Chunk             |     5 |     2 ||     7
Armor: Skin              |     2 |       ||     2
Dodge: Dodged            |    22 |     8 ||    30

Table legend:
 A = Non-vault XP
 B = Vault XP
 C = Vault XP percentage of total XP
 D = Non-vault monster count
 E = Vault monster count
 F = Vault count percentage of total count
                 A         B        C        D         E       F
            +---------+---------+-------+---------+---------+-------
      Total |     110 |       2 |   1.8 |      32 |       1 |   3.0
            +---------+---------+-------+---------+---------+-------
        D:1 |      29 |       0 |   0.0 |      14 |       0 |   0.0
        D:2 |      62 |       0 |   0.0 |      14 |       0 |   0.0
        D:3 |      19 |       2 |   9.5 |       4 |       1 |  20.0
            +---------+---------+-------+---------+---------+-------
